 Dungeon Crawl Stone Soup version 0.25-a0-289-g406d6369f5 (webtiles) character file.

Game seed: 10836574897178822092, levelgen mode: deterministic

8488 MoonlitKnight the Fighter (level 11, -1/104 HPs)
             Began as a Minotaur Berserker on Dec 13, 2019.
             Was a High Priest of Trog.
             Slain by a spatial maelstrom (7 damage)
             ... on level 1 of the Abyss.
             The game lasted 00:23:13 (9846 turns).

MoonlitKnight the Fighter (Minotaur Berserker)      Turns: 9846, Time: 00:23:13

Health: -1/104     AC: 15    Str: 27    XL:     11   Next: 10%
Magic:  10/10      EV:  8    Int: 11    God:    Trog [*****.]
Gold:   607        SH:  0    Dex: 11    Spells: 10/10 levels left

rFire    + . .     SeeInvis .   a - +3 flail (drain)
rCold    + . .     Gourm    .   (no shield)
rNeg     . . .     Faith    .   N - +0 plate armour {rF+}
rPois    .         Spirit   .   L - +0 hat "Vemne" {rC+ Str+3 Int+7}
rElec    .         Reflect  .   (no cloak)
rCorr    .         Harm     .   (no gloves)
MR       .....                  (no boots)
Stlth    ..........             (no amulet)
HPRegen  0.27/turn              (no ring)
MPRegen  0.12/turn              (no ring)

@: about to teleport
A: retaliatory headbutt, horns 2
a: Berserk, Trog's Hand, Brothers in Arms, Renounce Religion


You were on level 1 of the Abyss.
You worshipped Trog.
Trog was extremely pleased with you.
You were not hungry.

You visited 1 branch of the dungeon, and saw 10 of its levels.
You visited the Abyss 1 time.
You also visited: Sewer.

You collected 607 gold pieces.

Inventory:

Hand Weapons
 a - a +3 flail of draining (weapon)
 b - a +0 shortbow
Missiles
 g - 50 poisoned darts (quivered)
 j - 4 throwing nets
 n - 136 arrows
 r - 7 boomerangs
 y - 8 atropa-tipped darts
Armour
 E - a +0 plate armour
 L - the +0 hat "Vemne" (worn) {rC+ Str+3 Int+7}
   (You found it on level 8 of the Dungeon)

   It affects your strength (+3).
   It affects your intelligence (+7).
   It protects you from cold.
 N - a +0 plate armour of fire resistance (worn)
Jewellery
 C - an uncursed ring of flight
 G - a cursed amulet of inaccuracy {unknown}
Wands
 t - a wand of enslavement (8)
 A - a wand of disintegration (26)
 B - a wand of acid (13)
Scrolls
 d - 2 scrolls of enchant armour
 e - 3 scrolls of enchant weapon
 h - 3 scrolls of remove curse
 i - 6 scrolls of identify
 m - 2 scrolls of teleportation
 o - 2 scrolls of fog {unknown}
 x - 4 scrolls of magic mapping {unknown}
 z - 2 scrolls of fear {unknown}
 F - 2 scrolls of immolation {unknown}
 H - a scroll of noise {unknown}
 I - a scroll of silence {unknown}
 J - 2 scrolls of amnesia {unknown}
 M - a scroll of brand weapon {unknown}
 P - a scroll of vulnerability {unknown}
Potions
 f - a potion of resistance {unknown}
 k - a potion of ambrosia
 l - 4 potions of degeneration
 p - 3 potions of agility
 q - 2 potions of flight
 s - 2 potions of berserk rage {unknown}
 u - a potion of mutation {unknown}
 v - 3 potions of haste {unknown}
 w - 2 potions of curing {unknown}
 D - 3 potions of heal wounds {unknown}
 O - a potion of brilliance {unknown}
Comestibles
 c - 18 rations
 K - 4 chunks of flesh


   Skills:
 + Level 12.2 Fighting
 + Level 12.2 Maces & Flails
 + Level 11.9 Armour
 - Level 2.1 Dodging


You had 10 spell levels left.
You didn't know any spells.
Your spell library was empty.

Dungeon Overview and Level Annotations

Branches:
Dungeon (10/15)            Temple (0/1) D:6            Lair (0/6) D:10
  Sewer (visited)
    Orc: D:9-12

Altars:
Ashenzari
Cheibriados
Elyvilon
Fedhas
Qazlal
Ru
Trog
Xom
Zin

Shops:
D:5 *}[([


Innate Abilities, Weirdness & Mutations

You reflexively headbutt those who attack you in melee.
You have a pair of horns on your head.


Message History

The hellwing barely misses you. The hellwing hits you.
* * * LOW HITPOINT WARNING * * *
The thrashing horror tramples you.
* * * LOW HITPOINT WARNING * * *
You hold your ground!
The thrashing horror tramples you but does no damage.
The hellwing closely misses you.
The hellwing hits you but does no damage.
A deafening chorus of shrieks assaults your mind!
* * * LOW HITPOINT WARNING * * *
A starcursed mass splits. x2
The hellwing swoops through the air toward you!
The hellwing hits you.
* * * LOW HITPOINT WARNING * * *
The hellwing hits you but does no damage.
You sock the spatial maelstrom! You headbutt the spatial maelstrom!
The spatial maelstrom is moderately damaged.
The thrashing horror tramples you but does no damage.
The thrashing horror barely misses you. The spatial maelstrom hits you!
You die...

#.......ยง......#
#..............#
#.#...#...(....#
#.............. . #
#.............#.####.#.
#....3.........#......#
#...... #X....##.......
#. ....##.X.XX##4......
# . .......344X@v....v.
#........#.3.X##......#
#........X....# ....v.#
#......##.X...# .......
#......##.....# .......
#..... ....... #.......
..............'......#
#..............#......#
#.....#........ .#.


You could see 7 starcursed masses, a spatial maelstrom, 2 spatial vortices, a
thrashing horror, 3 hellwings and 2 smoke demons.

Vanquished Creatures
  An unseen horror (D:10)
  Pikel (D:5)
  An ugly thing (D:9)
  Maurice (D:10)
  11 yaks
  Grum (D:10)
  Edmund (D:4)
  4 orc warriors
  A black bear (D:9)
  2 phantoms (D:9)
  Purgy (Sewer)
  2 sky beasts
  A necrophage (D:7)
  An ice beast (D:8)
  8 ogres
  3 wolves (D:10)
  4 centaurs
  6 bullfrogs
  A gnoll sergeant (D:7)
  3 scorpions
  8 killer bees
  3 howler monkeys
  6 crimson imps
  5 jellies
  A quasit (D:6)
  7 orc priests
  2 bullfrog skeletons
  5 hounds
  2 iguanas
  8 orc wizards
  6 worker ants
  A killer bee zombie (D:8)
  A hound zombie (D:7)
  3 hound skeletons
  3 gnolls (D:7)
  9 adders
  3 shadow imps
  An ooze (D:5)
  An adder zombie (D:4)
  An adder skeleton (D:10)
  6 worms
  8 leopard geckos
  33 orcs
  2 ball pythons
  2 giant cockroaches
  8 goblins
  5 hobgoblins
  7 jackals
  3 quokkas
  15 bats
  2 frilled lizards (D:3)
  10 kobolds
  A leopard gecko skeleton (D:4)
  8 rats
240 creatures vanquished.

Vanquished Creatures (others)
  A jelly (D:5)
  A frilled lizard (D:5)
2 creatures vanquished.

Grand Total: 242 creatures vanquished

Notes
Turn   | Place    | Note
-------+----------+-------------------------------------------
     0 | D:1      | MoonlitKnight the Minotaur Berserker began the quest for
                  | the Orb.
     0 | D:1      | Reached XP level 1. HP: 19/19 MP: 0/0
   342 | D:1      | Reached XP level 2. HP: 25/27 MP: 1/1
   816 | D:2      | Reached XP level 3. HP: 31/33 MP: 2/2
   903 | D:2      | Found a white marble altar of Elyvilon.
   949 | D:2      | Reached ** piety under Trog
  1099 | D:2      | Found a faded altar of an unknown god.
  1335 | D:3      | Reached XP level 4. HP: 29/41 MP: 3/3
  2758 | D:4      | Noticed an ogre
  2768 | D:4      | Killed an ogre
  2768 | D:4      | Reached skill level 5 in Fighting
  2768 | D:4      | Reached skill level 5 in Maces & Flails
  2768 | D:4      | Reached XP level 5. HP: 21/48 MP: 4/4
  2969 | D:4      | Noticed an ogre
  2982 | D:4      | Killed an ogre
  2982 | D:4      | Reached XP level 6. HP: 22/56 MP: 5/5
  3352 | D:4      | Noticed Edmund
  3379 | D:4      | Killed Edmund
  3379 | D:4      | Reached skill level 5 in Armour
  3516 | D:4      | Found a stormy altar of Qazlal.
  3684 | D:4      | Noticed a sky beast
  3688 | D:4      | Killed a sky beast
  3688 | D:4      | Reached XP level 7. HP: 63/63 MP: 6/6
  4061 | D:5      | Entered Level 5 of the Dungeon
  4061 | D:5      | Found Yhego's Antique Armour Shoppe.
  4145 | D:5      | Noticed Pikel
  4156 | D:5      | HP: 1/64 [Pikel/+1 whip of electrocution (17)]
  4158 | D:5      | Killed Pikel
  4476 | D:5      | Found a glowing silver altar of Zin.
  4476 | D:5      | Found a bloodstained altar of Trog.
  4483 | D:5      | Reached XP level 8. HP: 73/73 MP: 7/7
  4486 | D:5      | Found a snail-covered altar of Cheibriados.
  4486 | D:5      | Found a sacrificial altar of Ru.
  4686 | D:5      | Found Focaek's Gadget Emporium.
  4962 | D:5      | Found Xaanijua's Weapon Shoppe.
  5079 | D:5      | Found Aruikk's Antique Armour Boutique.
  5126 | D:5      | Found Exusisug's Assorted Antiques.
  5341 | D:6      | Found a glowing drain.
  5351 | D:6      | Reached *** piety under Trog
  5364 | Sewer    | Entered a sewer
  5392 | Sewer    | Noticed Purgy
  5402 | Sewer    | Killed Purgy
  5498 | D:6      | Found a staircase to the Ecumenical Temple.
  5853 | D:6      | Found a shimmering altar of Xom.
  6257 | D:7      | Reached XP level 9. HP: 83/83 MP: 8/8
  6368 | D:7      | Reached **** piety under Trog
  6858 | D:8      | Found a blossoming altar of Fedhas.
  6923 | D:8      | Reached skill level 10 in Fighting
  6923 | D:8      | Reached skill level 10 in Maces & Flails
  6932 | D:8      | Reached skill level 10 in Armour
  6944 | D:8      | Reached XP level 10. HP: 52/94 MP: 9/9
  7667 | D:8      | Got a brightly glowing hat
  7672 | D:8      | Identified the +0 hat "Vemne" {rC+ Str+3 Int+7} (You found
                  | it on level 8 of the Dungeon)
  8200 | D:9      | Reached ***** piety under Trog
  8200 | D:9      | Received a gift from Trog
  8319 | D:9      | Found a shattered altar of Ashenzari.
  8508 | D:9      | Noticed a cyan ugly thing
  8518 | D:9      | Killed a cyan ugly thing
  8783 | D:10     | Entered Level 10 of the Dungeon
  8850 | D:10     | Found a staircase to the Lair.
  8914 | D:10     | Killed an unseen horror
  9133 | D:10     | Noticed Maurice
  9145 | D:10     | Killed Maurice
  9321 | D:10     | Reached XP level 11. HP: 81/104 MP: 10/10
  9771 | D:10     | Noticed Grum
  9790 | D:10     | Killed Grum
  9807 | D:10     | Cast into level 1 of the Abyss (orc)
  9833 | Abyss:1  | Noticed a starcursed mass
  9840 | Abyss:1  | Noticed a thrashing horror
  9843 | Abyss:1  | Noticed a spatial maelstrom
  9846 | Abyss:1  | Slain by a spatial maelstrom

Levels and vault maps discovered:
D:1:      dpeg_arrival_tiny_f, layout_loops_ring
D:2:      layout_rooms, elyvilon_altar_1, chequers_ecumenical_altar_twisty,
          serial_bayou, serial_bayou_pond_b, serial_bayou_crossing,
          serial_bayou_ford_a, serial_bayou_shore_b
D:3:      layout_basic, corexii_shack, minmay_cut_off
D:4:      layout_basic, lemuel_doored_altar, first_ration, uniq_edmund
D:5:      layout_basic, grunt_temple_overflow_open, serial_shops,
          shop_fountains, nicolae_shop_window_shopping, kennysheep_mini, shop,
          shop_fountains, uniq_pikel
D:6:      layout_loops_ring, tgw_xom, temple_doors_e,
          cheibrodos_sewer_entry_sluice, grunt_ministairs_11
D:7:      layout_gridville
D:8:      layout_rooms, kennysheep_mini_moat
D:9:      layout_roguey, cheibrodos_ashenzari_chains
D:10:     layout_grid_maze, dpeg_oklobed_lair, uniq_maurice, uniq_grum
Abyss:1:  base:
D:7

Skill      XL: |  1  2  3  4  5  6  7  8  9 10 |
---------------+-------------------------------+-----
Maces & Flails | 4 5 6 7 9 10 12 | 12.2
Fighting       | 4 5 6 7 9 10 12 | 12.2
Armour         | 3 4 5 6 8 10 11 | 11.9
Dodging        | |  2.1

Action                   |  1- 3 |  4- 6 |  7- 9 | 10-12 || total
-------------------------+-------+-------+-------+-------++-------
Melee: Mace              |    70 |    88 |       |       ||   158
       Headbutt          |     9 |    21 |    48 |    34 ||   112
       Flail             |       |     9 |   215 |   205 ||   429
Invok: Berserk           |     1 |     1 |     1 |     4 ||     7
       Trog's Hand       |       |     1 |       |     2 ||     3
  Use: Scroll            |       |       |     7 |     1 ||     8
  Eat: Chunk             |     2 |     6 |    11 |    11 ||    30
       Ration            |       |     1 |       |     1 ||     2
Armor: Animal skin       |     3 |       |       |       ||     3
       Ring mail         |    22 |    18 |       |       ||    40
       Skin              |       |     8 |       |       ||     8
       Chain mail        |       |     3 |    28 |       ||    31
       Plate armour      |       |       |   111 |   170 ||   281
Dodge: Dodged            |    45 |    49 |    94 |    98 ||   286

Table legend:
 A = Non-vault XP
 B = Vault XP
 C = Vault XP percentage of total XP
 D = Non-vault monster count
 E = Vault monster count
 F = Vault count percentage of total count
                 A         B        C        D         E       F
            +---------+---------+-------+---------+---------+-------
      Total |   10059 |    2067 |  17.0 |     210 |      30 |  12.5
            +---------+---------+-------+---------+---------+-------
        D:1 |      20 |       0 |   0.0 |      15 |       0 |   0.0
        D:2 |      31 |      16 |  34.0 |      17 |       3 |  15.0
        D:3 |      71 |      10 |  12.3 |      17 |       5 |  22.7
        D:4 |     474 |     164 |  25.7 |      17 |       1 |   5.6
        D:5 |     555 |     607 |  52.2 |      18 |       1 |   5.3
        D:6 |     518 |     121 |  18.9 |      13 |       9 |  40.9
        D:7 |    1272 |       0 |   0.0 |      26 |       0 |   0.0
        D:8 |    2877 |       0 |   0.0 |      47 |       0 |   0.0
        D:9 |    1642 |       0 |   0.0 |      16 |       0 |   0.0
       D:10 |    2599 |    1013 |  28.0 |      24 |       5 |  17.2
      Sewer |       0 |     136 | 100.0 |       0 |       6 | 100.0
            +---------+---------+-------+---------+---------+-------
